 Dungeon Crawl Stone Soup version bcrawl-1.28 (webtiles) character file.

Game seed: 9396581599898063386

394966 LostNumber the Basher (level 10, -2/64 HPs)
             Began as a Gargoyle Archaeologist on Nov 17, 2020.
             Was a Follower of the Shining One.
             Slain by a wolf (6 damage)
             ... on level 8 of the Dungeon.
             The game lasted 00:18:27 (7126 turns).

LostNumber the Basher (Gargoyle Archaeologist)      Turns: 7126, Time: 00:18:28

Health: -2/64      AC: 23    Str: 17    XL:     10   Next: 98%
Magic:  10/10      EV:  8    Int: 16    God:    the Shining One [*.....]
Gold:   458        SH:  0    Dex:  8    Spells: 9/9 levels left

rFire    . . .     SeeInvis .   B - +5 flail (freeze)
rCold    . . .     Gourm    .   (no shield)
rNeg     + . .     Faith    .   J - +0 chain mail
rPois    ∞         Spirit   .   v - +1 helmet
rElec    +         Reflect  .   (no cloak)
rCorr    .         Harm     .   r - +0 pair of gloves
MR       .....                  d - +1 pair of boots
Stlth    ..........             (no amulet)
HPRegen  0.20/turn              (no ring)
MPRegen  0.12/turn              (no ring)

@: glowing
A: negative energy resistance 1, electricity resistance, unbreathing,
petrification resistance, rot immunity, AC +7
a: Renounce Religion


You were on level 8 of the Dungeon.
You worshipped the Shining One.
The Shining One was aware of your devotion.
You were not hungry.

You visited 2 branches of the dungeon, and saw 9 of its levels.

You collected 563 gold pieces.
You spent 105 gold pieces at shops.

Inventory:

Hand Weapons
 a - a +0 whip
 f - a +2 fustibalus of flaming
   (You acquired it on level 3 of the Dungeon)
 h - a +0 flail
   (You found it on level 2 of the Dungeon)
 B - a +5 flail of freezing (weapon)
   (You took it off a wight on level 6 of the Dungeon)
 F - a +2 flail of protection
   (You took it off a gnoll on level 5 of the Dungeon)
Missiles
 y - 653 stones (quivered)
 E - a throwing net {=f!f}
 L - 180 sling bullets
Armour
 b - a +1 robe
 c - a +1 hat
 d - a +1 pair of boots (worn)
 r - a +0 pair of gloves (worn)
   (You found it on level 2 of the Dungeon)
 s - a +0 ring mail
   (You took it off an orc on level 2 of the Dungeon)
 v - a +1 helmet (worn)
   (You found it on level 2 of the Dungeon)
 J - a +0 chain mail (worn)
   (You found it on level 6 of the Dungeon)
Jewellery
 C - an uncursed amulet of the gourmand {unknown}
   (You found it on level 4 of the Dungeon)
Wands
 t - a wand of flame (8)
   (You found it on level 8 of the Dungeon)
 D - a wand of random effects (6)
   (You found it on level 5 of the Dungeon)
 K - a wand of scattershot (4)
   (You found it on level 6 of the Dungeon)
Scrolls
 g - 8 scrolls of magic mapping
 j - 8 scrolls of identify {@r1}
 l - a scroll of enchant armour {unknown}
 m - 2 scrolls of amnesia
 q - 5 scrolls of blinking
 u - 3 scrolls of teleportation {@r4}
 x - a scroll of vulnerability {unknown}
 z - 3 scrolls of enchant weapon
 G - 2 scrolls of remove curse {@r2}
Potions
 i - 3 potions of curing {unknown}
 k - 3 potions of ambrosia
 n - 3 potions of mutation {unknown}
 o - a potion of magic {unknown}
 p - a potion of flight {unknown}
 A - a potion of resistance
 H - 3 potions of brilliance {unknown}
 I - a potion of lignification {unknown}
 M - a potion of berserk rage {unknown}
 N - a potion of agility {unknown}
Comestibles
 e - 17 rations {!d!d}
 w - 6 chunks of flesh


   Skills:
 + Level 8.1 Fighting
 * Level 9.4 Maces & Flails
 - Level 8.0 Slings
 + Level 7.4 Armour
 - Level 2.4 Dodging
 - Level 3.6 Stealth


You had 9 spell levels left.
You didn't know any spells.
Your spell library was empty.

Dungeon Overview and Level Annotations

Branches:
Dungeon (8/12)             Temple (1/1) D:7            Lair (0/6) D:7
    Orc: D:8-11

Altars:
Ashenzari
Cheibriados
Dithmenos
Elyvilon
Fedhas
Gozag
Hepliaklqana
Kikubaaqudgha
Lugonu
Nemelex Xobeh
Okawaru
Qazlal
Ru
Uskayaw
Vehumet
Yredelemnul
Zin
The Shining One

Shops:
D:5 %   D:6 ?

Annotations:
D:8 Harold


Innate Abilities, Weirdness & Mutations

You are resistant to torment.
Your stone body is resilient. (AC +7)
You are immune to poison.
You resist negative energy. (rN+)
You are resistant to electric shocks. (rElec)
You can survive without breathing.
You are immune to petrification.
You are immune to rotting.


Message History

The bolt of fire hits you.
The wolf howls!
Harold hits you from afar with a +0 trident of flaming.
Harold burns you.
Wield which item (- for none, * to show all)? (? for menu, Esc to quit)
Your +2 fustibalus of flaming stops flaming.
Your +5 flail of freezing glows with a cold blue light!
B - a +5 flail of freezing (weapon)
Harold hits you with a +0 trident of flaming.
Harold burns you.
Okay, then.
Okay, then.
You hit Harold. You freeze Harold. Harold casts a spell at you.
The bolt of fire misses you. The wolf bites you but does no damage.
You hit Harold. You freeze Harold. The wolf bites you but does no damage.
Harold barely misses you.
You hit Harold but do no damage.
The wolf bites you but does no damage. x2
Harold hits you with a +0 trident of flaming!
* * * LOW HITPOINT WARNING * * *
Harold burns you.
* * * LOW HITPOINT WARNING * * *
You hit Harold. You freeze Harold. The wolf bites you but does no damage.
Harold hits you with a +0 trident of flaming.
* * * LOW HITPOINT WARNING * * *
You hit Harold. You freeze Harold.
The wolf bites you but does no damage. x2
Harold blocks your attack. The wolf misses you.
Harold hits you but does no damage. The wolf barely misses you.
You hit Harold. You freeze Harold. Harold casts a spell at you.
The bolt of fire hits you!!! The Shining One protects you from harm!
The wolf bites you.
* * * LOW HITPOINT WARNING * * *
You hit Harold. You freeze Harold. The wolf bites you but does no damage.
Harold drinks a potion.
Harold is healed!
The wolf bites you but does no damage.
You hit Harold. You freeze Harold. The wolf barely misses you.
Harold points at you and mumbles some strange words.
The bolt of fire hits you!!
* * * LOW HITPOINT WARNING * * *
You sock Harold! You freeze Harold. The wolf closely misses you.
Harold hits you but does no damage. The wolf closely misses you.
Harold blocks your attack. The wolf barely misses you.
Harold hits you with a +0 trident of flaming.
The Shining One protects you from harm! Harold burns you.
* * * LOW HITPOINT WARNING * * *
You hit Harold. You freeze Harold. The wolf bites you.
You die...

......##
######.##..#
#<))()....)#
#.####.....#
#.####..∩..######
#.##.............
#.##.......######
#........h@#
.....#####@#
##### #.# #.# #.#
#.# #.# #.# #.#
#..


You could see Harold and a wolf.

Vanquished Creatures
  A two-headed ogre (D:8)
  Pikel (D:6)
  Joseph (D:7)
  4 trolls
  Prince Ribbit (D:7)
  A meliai zombie (D:6)
  A yak (D:8)
  2 wargs (D:7)
  A slave (D:6)
  An orc warrior (D:7)
  A sky beast (D:6)
  4 ogres
  3 phantoms
  A black bear (D:6)
  2 ice beasts
  A necrophage (D:7)
  3 centaurs
  3 bullfrogs
  A big kobold (D:7)
  A gnoll sergeant (D:5)
  2 scorpions (D:4)
  3 killer bees (D:7)
  8 wights
  3 howler monkeys (D:7)
  4 crimson imps
  A quasit (D:8)
  A jelly (D:8)
  3 orc priests
  3 hounds
  2 iguanas (D:5)
  8 orc wizards
  4 worker ants
  2 hound skeletons
  6 gnolls
  5 adders
  A white imp (D:8)
  2 adder zombies
  An adder skeleton (D:5)
  4 worms
  2 dart slugs (D:2)
  7 leopard geckos
  28 orcs
  A ball python (D:3)
  5 bats
  4 giant cockroaches
  9 goblins
  10 hobgoblins
  3 jackals
  5 quokkas
  8 frilled lizards
  A jackal skeleton (D:6)
  7 kobolds
  11 rats
198 creatures vanquished.

Notes
Turn   | Place    | Note
-------+----------+-------------------------------------------
     0 | D:1      | LostNumber the Gargoyle Archaeologist began the quest for
                  | the Orb.
     0 | D:1      | Reached XP level 1. HP: 12/12 MP: 1/1
    43 | D:1      | Reached XP level 2. HP: 6/17 MP: 2/2
   305 | D:1      | Reached skill level 1 in Armour
   409 | D:1      | Reached XP level 3. HP: 17/21 MP: 3/3
   430 | D:1      | Reached skill level 2 in Maces & Flails
  1356 | D:2      | Reached XP level 4. HP: 27/27 MP: 4/4
  2147 | D:3      | Reached skill level 3 in Maces & Flails
  2147 | D:3      | Reached XP level 5. HP: 24/32 MP: 5/5
  2147 | D:3      | Identified a scroll of acquirement
  2278 | D:3      | Identified the +2 pair of gloves "Ytiufu" {+Fly MP+9 Int+4}
                  | (You acquired it on level 3 of the Dungeon)
  2278 | D:3      | Identified the amulet "Pouzofig" {Regen +Fly Dex+10} (You
                  | acquired it on level 3 of the Dungeon)
  2314 | D:3      | Noticed an ice beast
  2320 | D:3      | Killed an ice beast
  2320 | D:3      | Reached XP level 6. HP: 37/37 MP: 6/6
  2878 | D:4      | Noticed a phantom
  2896 | D:4      | Killed a phantom
  2896 | D:4      | Reached XP level 7. HP: 37/41 MP: 7/7
  3044 | D:4      | Reached skill level 5 in Slings
  3601 | D:5      | Entered Level 5 of the Dungeon
  3614 | D:5      | Reached XP level 8. HP: 46/46 MP: 8/8
  4164 | D:5      | Found Ykatu's Food Boutique.
  5029 | D:6      | Reached skill level 4 in Maces & Flails
  5037 | D:6      | Reached XP level 9. HP: 52/52 MP: 9/9
  5073 | D:6      | Reached skill level 5 in Fighting
  5095 | D:6      | Noticed Pikel
  5106 | D:6      | Killed Pikel
  5106 | D:6      | Reached skill level 5 in Maces & Flails
  5244 | D:6      | Reached skill level 6 in Maces & Flails
  5313 | D:6      | Found Relush's Magic Scroll Emporium.
  5330 | D:6      | Bought a scroll of blinking for 105 gold pieces
  5677 | D:7      | Reached skill level 5 in Armour
  6003 | D:7      | Noticed Joseph
  6003 | D:7      | Noticed a troll
  6019 | D:7      | Killed a troll
  6026 | D:7      | Killed Joseph
  6026 | D:7      | Reached skill level 7 in Maces & Flails
  6026 | D:7      | Reached XP level 10. HP: 51/61 MP: 10/10
  6152 | D:7      | Found a staircase to the Ecumenical Temple.
  6367 | D:7      | Found a staircase to the Lair.
  6402 | D:7      | Reached skill level 8 in Maces & Flails
  6449 | Temple   | Entered the Ecumenical Temple
  6457 | Temple   | Became a worshipper of the Shining One
  6579 | D:7      | Noticed Prince Ribbit
  6601 | D:7      | Killed Prince Ribbit
  6750 | D:8      | Noticed Harold
  6771 | D:8      | Noticed a death yak
  6886 | D:8      | Noticed a two-headed ogre
  6902 | D:8      | Killed a two-headed ogre
  6902 | D:8      | Reached skill level 9 in Maces & Flails
  7074 | D:8      | Reached * piety under the Shining One
  7121 | D:8      | The Shining One protects you from harm!
  7125 | D:8      | The Shining One protects you from harm!
  7126 | D:8      | Slain by a wolf

Skill      XL: |  1  2  3  4  5  6  7  8  9 10 |
---------------+-------------------------------+-----
Armour         | 1 2 3 5 7 |  7.4
Fighting       | 2 3 4 6 8 |  8.1
Maces & Flails | 2 3 4 7 9 |  9.4
Slings         | 2 4 6 8 |  8.0
Dodging        | |  2.4
Stealth        | |  3.6

Action                   |  1- 3 |  4- 6 |  7- 9 | 10-12 || total
-------------------------+-------+-------+-------+-------++-------
Melee: Whip              |   163 |       |       |       ||   163
       Flail             |     4 |   128 |       |    12 ||   144
 Fire: Fustibalus        |       |    90 |   381 |   183 ||   654
Evoke: Wand              |       |       |     1 |       ||     1
  Use: Scroll            |       |     1 |       |     6 ||     7
       Potion            |       |     1 |       |       ||     1
 Stab: Sleeping          |     9 |     5 |       |       ||    14
  Eat: Chunk             |     6 |    11 |    17 |    11 ||    45
       Ration            |       |       |     1 |       ||     1
Armor: Robe              |    66 |       |       |       ||    66
       Ring mail         |       |   133 |   113 |       ||   246
       Chain mail        |       |       |    98 |   151 ||   249
Dodge: Dodged            |   101 |   118 |   178 |    53 ||   450
